TOP OF THE 1ST |
---|
Culver City Extras batting - Pitching for Bismark Border Guards : RHP Miguel Valenzuela | Pitching: RHP Miguel Valenzuela | | Batting: RHB Marcos Liñares | 0-0: Swinging Strike 0-1: Called Strike 0-2: Foul Ball, location: 2F 0-2: Ball 1-2: Foul Ball, location: 2F 1-2: Strikes out swinging, 2-3 out at first. | Batting: RHB Jason McIntosh | 0-0: Swinging Strike 0-1: Ground out 6-3 (Groundball, 6S) | Batting: LHB Jorge Martínez | 0-0: SINGLE (Line Drive, 8LS) | Batting: LHB Tony Smith | 0-0: Ball Jorge Martínez is caught stealing 2nd base | Top of the 1st over - 0 runs, 1 hit, 0 errors, 0 left on base; Culver City 0 - Bismark 0 | BOTTOM OF THE 1ST |
---|
Bismark Border Guards batting - Pitching for Culver City Extras : RHP Juan Rojas | Pitching: RHP Juan Rojas | | Batting: RHB Alfredo Farías | 0-0: Fly out, F8 (Flyball, 8LXD) | Batting: LHB Will Hill | 0-0: Ball 1-0: Foul Ball, location: 2F 1-1: Fly out, F9 (Flyball, 9LS) | Batting: RHB Jackson Gibson | 0-0: Ground out 5-3 (Groundball, 5) | Bottom of the 1st over - 0 runs, 0 hits, 0 errors, 0 left on base; Culver City 0 - Bismark 0 | TOP OF THE 2ND |
---|
Culver City Extras batting - Pitching for Bismark Border Guards : RHP Miguel Valenzuela | Batting: LHB Tony Smith | 0-0: Ball 1-0: Called Strike 1-1: Ball 2-1: Ball 3-1: Base on Balls | Batting: SHB Joey Boyd | 0-0: Ball 1-0: Fly out, F8 (Flyball, 8LM) | Batting: LHB Trey Fitzpatrick | 0-0: Ball 1-0: Called Strike 1-1: Reached on error, E4 (Groundball, 4) Tony Smith to second | Batting: LHB Buddy Rice | 0-0: Ball 1-0: Ball 2-0: Called Strike 2-1: Ball Wild Pitch! Tony Smith to third Trey Fitzpatrick to second 3-1: Foul Ball, location: 2F 3-2: Foul Ball, location: 2F 3-2: Foul Ball, location: 2F 3-2: Foul Ball, location: 2F 3-2: Foul Ball, location: 2F 3-2: Foul Ball, location: 2F 3-2: Foul Ball, location: 2F 3-2: Base on Balls | Batting: RHB Dave Anderson | 0-0: Ball 1-0: Ball 2-0: Ball 3-0: Called Strike 3-1: Base on Balls Tony Smith scores Trey Fitzpatrick to third Buddy Rice to second | Batting: LHB Francisco Chavero | 0-0: Ball 1-0: Swinging Strike 1-1: Fly out, F7 (Flyball, 78M) Runner from 3rd tags up, SCORES, throw made | Batting: RHB Marcos Liñares | 0-0: Ball 1-0: Called Strike 1-1: Swinging Strike 1-2: Reaches on Catchers interference Buddy Rice to third Dave Anderson to second | Batting: RHB Jason McIntosh | 0-0: Called Strike 0-1: SINGLE (Groundball, 56D) Buddy Rice scores Dave Anderson to third Marcos Liñares to second Runner from 3rd tries for Home, SAFE, no throw | Batting: LHB Jorge Martínez | 0-0: Called Strike 0-1: Ball 1-1: Ball 2-1: Fly out, F9 (Line Drive, 89D) | Top of the 2nd over - 4 runs, 1 hit, 2 errors, 2 left on base; Culver City 4 - Bismark 0 | BOTTOM OF THE 2ND |
---|
Bismark Border Guards batting - Pitching for Culver City Extras : RHP Juan Rojas | Batting: LHB Alan Moore | 0-0: Fly out, F6 (Line Drive, 6) | Batting: RHB Mario Carranza | 0-0: Swinging Strike 0-1: Foul Ball, location: 2F 0-2: Fly out, F7 (Flyball, 7S) | Batting: RHB Vincent Braun | 0-0: Ball 1-0: Ball 2-0: Called Strike 2-1: Ball 3-1: Base on Balls | Batting: RHB Sergio Solíz | 0-0: Called Strike Vincent Braun is caught stealing 2nd base | Bottom of the 2nd over - 0 runs, 0 hits, 0 errors, 0 left on base; Culver City 4 - Bismark 0 | TOP OF THE 3RD |
---|
Culver City Extras batting - Pitching for Bismark Border Guards : RHP Miguel Valenzuela | Batting: LHB Tony Smith | 0-0: Called Strike 0-1: DOUBLE (Flyball, 8RXD) | Batting: SHB Joey Boyd | 0-0: Foul Ball, location: 2F 0-1: Ball 1-1: Swinging Strike 1-2: Ball 2-2: Ball 3-2: Foul Ball, location: 2F 3-2: Base on Balls | Batting: LHB Trey Fitzpatrick | 0-0: Ball 1-0: Ball 2-0: Foul Ball, location: 2F 2-1: Fly out, F3 (Popup, 3S) | Batting: LHB Buddy Rice | 0-0: Called Strike 0-1: Ball 1-1: Swinging Strike 1-2: Foul Ball, location: 2F 1-2: Ball 2-2: Ball 3-2: Strikes out swinging Tony Smith is caught stealing 3rd base Batter strikes out. | Top of the 3rd over - 0 runs, 1 hit, 0 errors, 1 left on base; Culver City 4 - Bismark 0 | BOTTOM OF THE 3RD |
---|
Bismark Border Guards batting - Pitching for Culver City Extras : RHP Juan Rojas | Batting: RHB Sergio Solíz | 0-0: Called Strike 0-1: Foul Ball, location: 2F 0-2: Fly out, F9 (Flyball, 9D) | Batting: RHB Danny Spode | 0-0: Ball 1-0: Ball 2-0: Ball 3-0: Base on Balls | Batting: LHB Kelsey Scott | 0-0: Ball 1-0: Ball 2-0: Ball 3-0: Called Strike 3-1: Foul Ball, location: 2F 3-2: Foul Ball, location: 2F 3-2: Foul Ball, location: 2F 3-2: Strikes out swinging Danny Spode steals 2nd base Batter strikes out. | Batting: RHB Alfredo Farías | 0-0: Ball 1-0: Ball 2-0: Foul Ball, location: 2F 2-1: Called Strike 2-2: Foul Ball, location: 2F 2-2: Foul Ball, location: 2F 2-2: Strikes out looking | Bottom of the 3rd over - 0 runs, 0 hits, 0 errors, 1 left on base; Culver City 4 - Bismark 0 | TOP OF THE 4TH |
---|
Culver City Extras batting - Pitching for Bismark Border Guards : RHP Miguel Valenzuela | Batting: RHB Dave Anderson | 0-0: Called Strike 0-1: Foul Ball, location: 2F 0-2: Ball 1-2: SOLO HOME RUN (Flyball, 8RXD), Distance : 426 ft | Pitching: LHP Jeffrey Glass | | Batting: LHB Francisco Chavero | 0-0: Ball 1-0: Ball 2-0: Ball 3-0: Called Strike 3-1: Foul Ball, location: 2F 3-2: Ground out 4-3 (Groundball, 4) | Batting: RHB Marcos Liñares | 0-0: Ball 1-0: Called Strike 1-1: Ball 2-1: Foul Ball, location: 2F 2-2: Ball 3-2: Base on Balls | Batting: RHB Jason McIntosh | 0-0: Swinging Strike 0-1: Called Strike 0-2: Ball 1-2: Foul Ball, location: 2F 1-2: Foul Ball, location: 2F 1-2: Ball 2-2: Ball 3-2: Base on Balls Marcos Liñares to second | Batting: LHB Jorge Martínez | 0-0: Ball 1-0: Foul Ball, location: 2F 1-1: Ball 2-1: Foul Ball, location: 2F 2-2: Foul Ball, location: 2F 2-2: Foul Ball, location: 2F 2-2: Ball 3-2: Foul Ball, location: 2F 3-2: Strikes out swinging | Batting: LHB Tony Smith | 0-0: Called Strike 0-1: Foul Ball, location: 2F 0-2: Ball 1-2: SINGLE (Flyball, 89M) Marcos Liñares to third Jason McIntosh to second Runner from 3rd tries for Home, SAFE, no throw | Batting: SHB Joey Boyd | 0-0: Ball 1-0: Ball 2-0: SINGLE (Groundball, 56S) (infield hit) Jason McIntosh to third Tony Smith to second | Batting: LHB Trey Fitzpatrick | 0-0: Ball 1-0: Called Strike 1-1: Ground out 4-3 (Groundball, 4) | Top of the 4th over - 2 runs, 3 hits, 0 errors, 3 left on base; Culver City 6 - Bismark 0 | BOTTOM OF THE 4TH |
---|
Bismark Border Guards batting - Pitching for Culver City Extras : RHP Juan Rojas | Batting: LHB Will Hill | 0-0: Fly out, F8 (Flyball, 8RS) | Batting: RHB Jackson Gibson | 0-0: Fly out, F9 (Flyball, 9S) | Batting: LHB Alan Moore | 0-0: Ball 1-0: Ball 2-0: Foul Ball, location: 2F 2-1: Ball 3-1: SINGLE (Groundball, 34D) | Batting: RHB Mario Carranza | 0-0: Fielders Choice at 2nd, 6-4 (Groundball, 6) | Bottom of the 4th over - 0 runs, 1 hit, 0 errors, 1 left on base; Culver City 6 - Bismark 0 | TOP OF THE 5TH |
---|
Culver City Extras batting - Pitching for Bismark Border Guards : LHP Jeffrey Glass | Batting: LHB Buddy Rice | 0-0: Foul Ball, location: 2F 0-1: Ball 1-1: Foul Ball, location: 2F 1-2: Ball 2-2: Foul Ball, location: 2F 2-2: Foul Ball, location: 2F 2-2: Foul Ball, location: 2F 2-2: Strikes out swinging | Batting: RHB Dave Anderson | 0-0: Foul Ball, location: 2F 0-1: Ball 1-1: Ball 2-1: Ball 3-1: Ground out 4-3 (Groundball, 4) | Batting: LHB Francisco Chavero | 0-0: SINGLE (Groundball, 34S) (infield hit) | Batting: RHB Marcos Liñares | 0-0: Ball 1-0: Ball 2-0: Called Strike 2-1: Ball 3-1: Base on Balls Francisco Chavero to second | Batting: RHB Jason McIntosh | 0-0: Ball 1-0: Swinging Strike 1-1: Swinging Strike 1-2: Ball 2-2: Strikes out swinging | Top of the 5th over - 0 runs, 1 hit, 0 errors, 2 left on base; Culver City 6 - Bismark 0 | BOTTOM OF THE 5TH |
---|
Bismark Border Guards batting - Pitching for Culver City Extras : RHP Juan Rojas | Batting: RHB Vincent Braun | 0-0: Fly out, F8 (Line Drive, 8RM) | Batting: RHB Sergio Solíz | 0-0: Foul Ball, location: 2F 0-1: SOLO HOME RUN (Flyball, 7D), Distance : 370 ft | Batting: RHB Danny Spode | 0-0: Ball 1-0: SINGLE (Groundball, 56D) | Batting: LHB Kelsey Scott | 0-0: Ball 1-0: Swinging Strike 1-1: Swinging Strike 1-2: Ball 2-2: Ball 3-2: Grounds into double play, 4-6-3 (Groundball, 4) | Bottom of the 5th over - 1 run, 2 hits, 0 errors, 0 left on base; Culver City 6 - Bismark 1 | TOP OF THE 6TH |
---|
Culver City Extras batting - Pitching for Bismark Border Guards : LHP Jeffrey Glass | Batting: LHB Jorge Martínez | 0-0: SINGLE (Line Drive, 89S) | Pitching: RHP Robert Alexander | | Batting: LHB Tony Smith | 0-0: Ball 1-0: Ball 2-0: Ball 3-0: DOUBLE (Flyball, 78XD) Jorge Martínez to third | Batting: SHB Joey Boyd | 0-0: Ball 1-0: Called Strike 1-1: Foul Ball, location: 2F 1-2: Ball 2-2: Foul Ball, location: 2F 2-2: Foul Ball, location: 2F 2-2: Foul Ball, location: 2F 2-2: Ball 3-2: Fly out, F7 (Flyball, 7LMF) Runner from 3rd tags up, SCORES, no throw | Batting: LHB Trey Fitzpatrick | 0-0: Called Strike 0-1: Ball 1-1: SINGLE (Line Drive, 78M) Tony Smith to third Runner from 3rd tries for Home, SAFE, throw made home | Batting: LHB Buddy Rice | 0-0: Ball 1-0: Called Strike 1-1: Ball 2-1: Foul Ball, location: 2F 2-2: Ground out 5-3 (Groundball, 5S) Trey Fitzpatrick to second | Batting: RHB Dave Anderson | 0-0: Fly out, F7 (Line Drive, 7) | Top of the 6th over - 2 runs, 3 hits, 0 errors, 1 left on base; Culver City 8 - Bismark 1 | BOTTOM OF THE 6TH |
---|
Bismark Border Guards batting - Pitching for Culver City Extras : RHP Juan Rojas | Batting: RHB Alfredo Farías | 0-0: Ground out 4-3 (Groundball, 4) | Batting: LHB Will Hill | 0-0: Foul Ball, location: 2F 0-1: Ground out 1-3 (Groundball, P) | Batting: RHB Jackson Gibson | 0-0: Called Strike 0-1: Fly out, F8 (Flyball, 8LS) | Bottom of the 6th over - 0 runs, 0 hits, 0 errors, 0 left on base; Culver City 8 - Bismark 1 | TOP OF THE 7TH |
---|
Culver City Extras batting - Pitching for Bismark Border Guards : RHP Robert Alexander | Batting: LHB Francisco Chavero | 0-0: Ball 1-0: Ball 2-0: Called Strike 2-1: Called Strike 2-2: Strikes out swinging | Batting: RHB Marcos Liñares | 0-0: Ball 1-0: Ball 2-0: Ball 3-0: Base on Balls | Batting: RHB Jason McIntosh | 0-0: Swinging Strike 0-1: Fly out, F8 (Flyball, 8LD) | Batting: LHB Jorge Martínez | 0-0: Ball Marcos Liñares steals 2nd base 1-0: Swinging Strike 1-1: Ball 2-1: Ball 3-1: Foul Ball, location: 2F 3-2: Base on Balls | Batting: LHB Tony Smith | 0-0: Called Strike Marcos Liñares steals 3rd base Jorge Martínez to second 0-1: Hit by Pitch | Batting: SHB Joey Boyd | 0-0: Ball 1-0: Ball 2-0: Ball 3-0: Called Strike 3-1: Called Strike 3-2: Foul Ball, location: 2F 3-2: Strikes out swinging | Top of the 7th over - 0 runs, 0 hits, 0 errors, 3 left on base; Culver City 8 - Bismark 1 | BOTTOM OF THE 7TH |
---|
Bismark Border Guards batting - Pitching for Culver City Extras : RHP Juan Rojas | Batting: LHB Alan Moore | 0-0: Foul Ball, location: 2F 0-1: Ball 1-1: SINGLE (Groundball, 6MD) | Pitching: LHP Marcos Ortíz | | Batting: RHB Mario Carranza | 0-0: Called Strike 0-1: Foul Ball, location: 2F 0-2: Foul Ball, location: 2F 0-2: Ball 1-2: Ball 2-2: Ball 3-2: Fly out, F8 (Flyball, 8LM) | Batting: RHB Vincent Braun | 0-0: Ball 1-0: Ball 2-0: Foul Ball, location: 2F 2-1: Foul Ball, location: 2F 2-2: Ball 3-2: Base on Balls Alan Moore to second | Batting: RHB Sergio Solíz | 0-0: Ball 1-0: Grounds into double play, 4-6-3 (Groundball, 4) | Bottom of the 7th over - 0 runs, 1 hit, 0 errors, 1 left on base; Culver City 8 - Bismark 1 | TOP OF THE 8TH |
---|
Culver City Extras batting - Pitching for Bismark Border Guards : RHP Robert Alexander | Batting: LHB Trey Fitzpatrick | 0-0: Swinging Strike 0-1: Fly out, F8 (Flyball, 8LM) | Batting: LHB Buddy Rice | 0-0: Ball 1-0: Foul Ball, location: 2F 1-1: Ball 2-1: Ball 3-1: Base on Balls | Batting: RHB Dave Anderson | 0-0: Grounds into double play, 3-6-3 (Groundball, 34) | Top of the 8th over - 0 runs, 0 hits, 0 errors, 0 left on base; Culver City 8 - Bismark 1 | BOTTOM OF THE 8TH |
---|
Bismark Border Guards batting - Pitching for Culver City Extras : LHP Marcos Ortíz | Now at C: Robert Koremans | | Batting: RHB Danny Spode | 0-0: Ball 1-0: Fly out, F7 (Flyball, 78S) | Batting: LHB Kelsey Scott | 0-0: Ball 1-0: Ball 2-0: Called Strike 2-1: Foul Ball, location: 2F 2-2: Strikes out swinging | Batting: RHB Alfredo Farías | 0-0: Called Strike 0-1: Ball 1-1: Foul Ball, location: 2F 1-2: SINGLE (Line Drive, 6MD) | Batting: LHB Will Hill | 0-0: Ball 1-0: Ground out 4-3 (Groundball, 4) | Bottom of the 8th over - 0 runs, 1 hit, 0 errors, 1 left on base; Culver City 8 - Bismark 1 | TOP OF THE 9TH |
---|
Culver City Extras batting - Pitching for Bismark Border Guards : RHP Robert Alexander | Pitching: RHP Tony Baltazar | | Batting: RHB Robert Koremans | 0-0: Ball 1-0: Ground out 1-3 (Groundball, 15) | Batting: RHB Marcos Liñares | 0-0: Called Strike 0-1: Ball 1-1: Ball 2-1: Ball 3-1: Fly out, F9 (Flyball, 89S) | Batting: RHB Jason McIntosh | 0-0: Ball 1-0: Swinging Strike 1-1: DOUBLE (Line Drive, 7LD) | Batting: LHB Jorge Martínez | 0-0: Ball 1-0: Ball 2-0: Foul Ball, location: 2F 2-1: Called Strike 2-2: Fly out, F7 (Flyball, 7S) | Top of the 9th over - 0 runs, 1 hit, 0 errors, 1 left on base; Culver City 8 - Bismark 1 | BOTTOM OF THE 9TH |
---|
Bismark Border Guards batting - Pitching for Culver City Extras : LHP Marcos Ortíz | Batting: RHB Jackson Gibson | 0-0: Ball 1-0: Ball 2-0: Called Strike 2-1: Swinging Strike 2-2: Strikes out swinging | Batting: LHB Alan Moore | 0-0: Called Strike 0-1: Ball 1-1: Called Strike 1-2: Ball 2-2: Ball 3-2: SINGLE (Groundball, 4MD) | Batting: RHB Mario Carranza | 0-0: Ball 1-0: Foul Ball, location: 2F 1-1: Fly out, F9 (Flyball, 9S) | Batting: RHB Vincent Braun | 0-0: Called Strike 0-1: Fielders Choice at 2nd, 5-4 (Groundball, 56) | Bottom of the 9th over - 0 runs, 1 hit, 0 errors, 1 left on base; Culver City 8 - Bismark 1 | |